 Dungeon Crawl Stone Soup version 0.16-a0-3855-gd2600ac (console) character file.

627 Fusha the Chopper (level 7, -2/54 HPs)
             Began as a Human Berserker on Jan 31, 2015.
             Was a High Priest of Trog.
             Shot with a poisoned arrow by a centaur (6 damage)
             ... on level 5 of the Dungeon.
             The game lasted 00:21:54 (5291 turns).

Fusha the Chopper (Human Berserker)                 Turns: 5291, Time: 00:21:54

Health: -2/54      AC:  5    Str: 22    XL:     7   Next: 77%
Magic:  7/7        EV: 13    Int:  7    God:    Trog [*****.]
Gold:   244        SH:  0    Dex: 12    Spells: 0 memorised, 6 levels left

rFire  . . .     SeeInvis +     A - -1 mace "Obiez" {venom, rC++ Str+2}
rCold  + + .     Clarity  .     d - +0 leather armour
rNeg   . . .     SustAb   .     (no shield)
rPois  .         Gourm    .     (no helmet)
rElec  .         Spirit   .     (no cloak)
rCorr  .         Warding  .     w - +1 pair of gloves
rMut   .         Stasis   .     (no boots)
MR     .....                    e - amulet of faith
Stlth  +++.......               y - ring of stealth
                                n - ring of see invisible

@: lethally poisoned, invisible, not resistant to hostile enchantments, fairly
stealthy
A: no striking features
a: Burn Spellbooks, Berserk, Trog's Hand, Brothers in Arms, Renounce Religion


You were on level 5 of the Dungeon.
You worshipped Trog.
Trog was extremely pleased with you.
You were not hungry.

You visited 1 branch of the dungeon, and saw 5 of its levels.

You collected 244 gold pieces.

Inventory:

Hand weapons
 a - a +0 hand axe
 A - the -1 mace "Obiez" (weapon) {venom, rC++ Str+2}
   (You found it on level 4 of the Dungeon)

   It poisons the flesh of those it strikes.
   It affects your strength (+2).
   It greatly protects you from cold.
Missiles
 h - 5 tomahawks
 q - 6 steel tomahawks (quivered)
 s - 13 javelins
Armour
 b - a +0 animal skin
 d - a +0 leather armour (worn)
 w - a +1 pair of gloves (worn)
Jewellery
 e - an amulet of faith (around neck)
 n - a ring of see invisible (left hand)
 y - a ring of stealth (right hand)
Magical devices
 c - a wand of frost (21)
Scrolls
 j - a scroll of enchant weapon {unknown}
 l - a scroll of remove curse
 o - a scroll of fear
 p - a scroll of magic mapping {unknown}
 r - a scroll of fog {unknown}
 t - a scroll of teleportation {unknown}
 v - a scroll of enchant armour {unknown}
Potions
 f - a potion of flight {unknown}
 g - a potion of cancellation {unknown}
 i - 2 potions of invisibility
 m - a potion of haste {unknown}
 u - a potion of poison
 x - a potion of resistance
 z - a potion of restore abilities


   Skills:
 + Level 4.0 Fighting
 - Level 5.4(5.6) Axes
 * Level 2.0(3.9) Maces & Flails
 + Level 0.6 Throwing
 - Level 2.2 Armour
 + Level 4.7 Dodging
 + Level 2.4 Stealth


You had 6 spell levels left.
You didn't know any spells.

Dungeon Overview and Level Annotations

Branches:
Dungeon (5/15)
 Temple: D:4-7

Altars:
Okawaru
Qazlal

Annotations:
D:4 Grinder


Message History

The poisoned arrow completely misses you.
The crimson imp blinks!
The centaur shoots a poisoned arrow.
The poisoned arrow hits you.
You are lethally poisoned!
You see here 2 poisoned arrows.
You feel sick.
* * * LOW HITPOINT WARNING * * *
You feel sick.
The centaur shoots a poisoned arrow.
The poisoned arrow hits you!
* * * LOW HITPOINT WARNING * * *
You are more poisoned.
There is an escape hatch in the floor, spattered with blood here.
You see here a poisoned arrow.
Drink which item? (? for menu, Esc to quit)
It was a potion of invisibility.
You fade into invisibility!
* * * LOW HITPOINT WARNING * * *
You feel very sick.
The centaur shoots a poisoned arrow.
The poisoned arrow hits you.
You die...

..# ############# ..#
##.....#.....##
..###.............##
..##...............#
..##...............##
....................##
..##......)..........##
..##..................#
..###...........@.....#
..# ##.....#..........#
..# ##.#.####..(.....#
.## #.....#.........# .
..###.#....(5...# #
..........#.#.#.##
............(..#
...#.c.#†..#
....l.....#


You could see a centaur, a crimson imp and a giant newt.

Vanquished Creatures
  2 ogres
  A black bear (D:3)
  3 hounds
  A crimson imp (D:5)
  An orc wizard (D:5)
  2 worker ants (D:4)
  A hound skeleton (D:4)
  2 gnolls (D:3)
  3 adders
  2 worms
  An orc (D:3)
  8 bats
  A giant cockroach (D:1)
  14 goblins
  10 hobgoblins
  10 jackals
  An ooze (D:3)
  4 ball pythons
  3 giant geckos
  4 giant newts
  10 kobolds
  7 rats
91 creatures vanquished.

Notes
Turn   | Place    | Note
--------------------------------------------------------------
     0 | D:1      | Fusha, the Human Berserker, began the quest for the Orb.
     0 | D:1      | Reached XP level 1. HP: 18/18 MP: 1/1
   101 | D:1      | Reached XP level 2. HP: 22/24 MP: 2/2
   216 | D:1      | HP: 1/36 [jackal (3)]
   687 | D:1      | Reached XP level 3. HP: 20/29 MP: 3/3
   872 | D:1      | Acquired Trog's second power
  1346 | D:2      | Found a stormy altar of Qazlal.
  1751 | D:2      | Reached XP level 4. HP: 16/35 MP: 4/4
  2037 | D:2      | Received a gift from Trog
  2103 | D:2      | Reached skill level 4 in Axes
  2461 | D:3      | Noticed a black bear
  2551 | D:4      | Reached XP level 5. HP: 4/41 MP: 5/5
  2925 | D:3      | Killed a black bear
  2925 | D:3      | Reached skill level 1 in Stealth
  2925 | D:3      | Reached XP level 6. HP: 5/47 MP: 6/6
  3578 | D:3      | Reached skill level 5 in Axes
  3658 | D:3      | Found an iron altar of Okawaru.
  3816 | D:4      | Acquired Trog's third power
  3954 | D:4      | Reached XP level 7. HP: 19/53 MP: 7/7
  4195 | D:4      | Got an ancient mace
  4196 | D:4      | Identified the cursed -1 mace "Obiez" {venom, rC++ Str+2} (You found it on level 4 of the Dungeon)
  4613 | D:4      | Noticed Grinder
  4931 | D:4      | Reached skill level 1 in Maces & Flails
  4981 | D:5      | Entered Level 5 of the Dungeon
  5291 | D:5      | Shot with a poisoned arrow by a centaur

Action                   |  1- 3 |  4- 6 |  7- 9 || total
-------------------------+-------+-------+-------++-------
Melee: Hand axe          |   136 |   136 |       ||   272
       Mace              |       |       |    89 ||    89
Throw: Tomahawk          |     5 |     8 |       ||    13
Invok: Berserk           |     2 |     3 |     1 ||     6
  Use: Scroll            |       |       |     5 ||     5
       Potion            |       |       |     1 ||     1
 Stab: Sleeping          |       |       |     3 ||     3
  Eat: Beef jerky        |     1 |     1 |       ||     2
       Chunk             |     2 |     2 |       ||     4
       Bread ration      |       |     2 |     1 ||     3
       Pizza             |       |     1 |       ||     1
